 Seeded DCSS version 0.32-a0-699-g1ee5eff69a (webtiles) character file.

Game seed: 10776992978536971847 (custom seed)

2 Juicyj the Covered (level 1, 0/19 HPs)
             Began as a Mountain Dwarf Fighter on Mar 13, 2024.
             Frozen to death by an endoplasm (3 damage)
             ... on level 1 of the Dungeon.
             The game lasted 00:00:33 (31 turns).

Juicyj the Covered (Mountain Dwarf Fighter)           Turns: 31, Time: 00:00:33

Health: 0/19       AC:  6    Str: 18    XL:     1   Next: 25%
Magic:  1/1        EV:  8    Int:  8    God:
Gold:   0          SH:  4    Dex:  9    Spells: 0/0 levels left

rFire   . . .        a - +0 war axe
rCold   . . .        c - +0 buckler
rNeg    . . .        b - +0 scale mail
rPois   .            (no helmet)
rElec   .            (no cloak)
rCorr   .            (no gloves)
SInv    .            (no boots)
Will    .....        (no amulet) Stlth
                     (no ring)
HPRegen 0.23/turn    (no ring)
MPRegen 0.07/turn

%: no passive effects
@: no status effects
A: runic magic, artefact enchanting
a: no special abilities


You were on level 1 of the Dungeon.
You visited 1 branch of the dungeon, and saw 1 of its levels.

Inventory:

Hand Weapons
 a - a +0 war axe (weapon)
Armour
 b - a +0 scale mail (worn)
 c - a +0 buckler (worn)
Potions
 d - a potion of might


   Skills:
 + Level 3.3 Fighting
 + Level 2.4 Axes
 + Level 3.3 Armour
 + Level 3.3 Shields


You couldn't memorise any spells.
You didn't know any spells.
Your spell library was empty.

Dungeon Overview and Level Annotations

Branches:
Dungeon (1/15)

Altars:


Innate Abilities, Weirdness & Mutations

Your spellcasting is much less encumbered by armour.
You can use scrolls of enchantment on lesser artefacts.


Message History

You are frozen.
The endoplasm quivers.
You hit the endoplasm.
The endoplasm is lightly wounded.
You closely miss the hobgoblin. The hobgoblin barely misses you.
The endoplasm freezes you.
You are frozen.
The hobgoblin hits you. The endoplasm closely misses you.
You hit the endoplasm but do no damage.
The endoplasm is lightly wounded.
You hit the hobgoblin. The hobgoblin hits you. The endoplasm freezes you.
You are frozen.
There are monsters nearby!
You are too injured to fight recklessly!
You are too injured to fight recklessly!
You are too injured to fight recklessly!
Unknown command.
You are too injured to fight recklessly!
You are too injured to fight recklessly!
You block the hobgoblin's attack.
The endoplasm hits you but does no damage.
You are too injured to fight recklessly!
You barely miss the kobold. You hit the endoplasm.
You barely miss the hobgoblin. The hobgoblin closely misses you.
The kobold barely misses you. The endoplasm hits you.
You block the endoplasm's attack. The kobold hits you but does no damage.
The hobgoblin barely misses you. The endoplasm freezes you.
You are frozen.
* * * LOW HITPOINT WARNING * * *
You slash the kobold!
You kill the kobold!
You slash the endoplasm!
You kill the endoplasm!
You hit the hobgoblin but do no damage. You hit the endoplasm.
The hobgoblin hits you.
* * * LOW HITPOINT WARNING * * *
The endoplasm freezes you.
You are frozen.
You die...

#...#...#......
#.<.#.ß.#.....#.
#...#...#.......
##.###.##.....####.
#.# #.##..........
#.###.##.....#.(..
...#...#....?.....
.ß.#.ß.'..........
[..#...#..@)......
#####..gJ......
......†..........
...>.......###...
#...........# ##
.........##...
.........# ####
.........#
.........#


You could see an endoplasm and a hobgoblin.

Vanquished Creatures
  2 bats (D:1)
  An endoplasm (D:1)
  A kobold (D:1)
4 creatures vanquished.

Notes
Turn   | Place    | Note
-------+----------+-------------------------------------------
     0 | D:1      | Juicyj the Mountain Dwarf Fighter began the quest for the
                  | Orb.
     0 | D:1      | Reached XP level 1. HP: 19/19 MP: 1/1
    31 | D:1      | Frozen to death by an endoplasm

Illustrated notes

Levels and vault maps discovered:
D:1:      minmay_arrival_nine_rooms, layout_rooms,
          shapermc_ecumenical_altar_hornbeckon

Action                     || total
---------------------------++-------
  Melee: War axe           ||     6
 Armour: Scale mail        ||     8
  Dodge: Dodged            ||    10
  Block: Buckler           ||     2

Table legend: (Time is in decaauts)
 A = Elapsed time spent in this place.
 B = Non-inter-level travel time spent in this place.
 C = Inter-level travel time spent in this place.
 D = Time resting spent in this place.
 E = Time spent auto-exploring this place.
 F = Levels seen in this place.
 G = Mean time per level.
                   A        B        C        D        E       F      G
               +--------+--------+--------+--------+--------+-----+--------+
         Total |     33 |     33 |      0 |      0 |     20 |   1 |   33.0 |
       Dungeon |     33 |     33 |      0 |      0 |     20 |   1 |   33.0 |
               +--------+--------+--------+--------+--------+-----+--------+

Top non-repeatable levels by time:
     D:1: 33 daAuts
